 Dungeon Crawl Stone Soup version 0.27.1 (webtiles) character file.

Game seed: 18277154651100458156

2006 Tirrikindir the Carver (level 9, -4/53 HPs)
             Began as an Octopode Fighter on Aug 31, 2021.
             Was a Priest of Hepliaklqana.
             Slain by a two-headed ogre (29 damage)
             ... on level 6 of the Dungeon.
             The game lasted 00:16:51 (6197 turns).

Tirrikindir the Carver (Octopode Fighter)           Turns: 6197, Time: 00:16:51

Health: -4/53      AC:  1    Str: 17    XL:     9   Next: 22%
Magic:  10/10      EV: 13    Int: 10    God:    Hepliaklqana [***...]
Gold:   221        SH: 18    Dex: 13    Spells: 8/8 levels left

rFire    . . .     SeeInvis +   a - +0 long sword (flame)
rCold    . . .     Faith    .   b - +4 kite shield
rNeg     . . .     Spirit   .   (helmet restricted)
rPois    .         Reflect  +   i - amulet of reflection
rElec    .         Harm     .   t - ring of see invisible
rCorr    .         Rampage  .   (no ring)
Will     .....                  (no ring)
Stlth    ++++......             (no ring)
HPRegen  0.17/turn              (no ring)
MPRegen  0.12/turn              (no ring)
                                (no ring)
                                (no ring)

@: no status effects
A: reduced essence, almost no armour, amphibious, 8 rings, camouflage 1,
gelatinous body 1, (nimble swimmer 1), tentacles
a: Renounce Religion, Recall Ancestor, Ancestor Identity, Transference


You were on level 6 of the Dungeon.
You worshipped Hepliaklqana.
Hepliaklqana was most pleased with you.
You visited 2 branches of the dungeon, and saw 7 of its levels.
You also visited: Sewer.

You collected 264 gold pieces.
You spent 43 gold pieces at shops.

Inventory:

Hand Weapons
 a - a +0 long sword of flaming (weapon)
Missiles
 j - 23 poisoned darts (quivered)
Armour
 b - a +4 kite shield (worn)
Jewellery
 i - an amulet of reflection (around mantle)
 t - a ring of see invisible (left tentacle)
Wands
 u - a wand of digging (7)
Scrolls
 g - a scroll of magic mapping {unknown}
 l - 3 scrolls of teleportation
 m - a scroll of blinking
 n - a scroll of summoning
 o - 2 scrolls of immolation
Potions
 c - a potion of might
 d - 2 potions of curing
 e - 2 potions of heal wounds
 f - 2 potions of ambrosia
 h - 2 potions of invisibility
 k - 3 potions of degeneration
 p - 6 potions of flight
 q - 4 potions of berserk rage {unknown}
 r - a potion of haste {unknown}
 s - a potion of brilliance {unknown}


   Skills:
 + Level 4.5 Fighting
 * Level 8.6 Long Blades
 * Level 5.1 Dodging
 + Level 5.2 Stealth
 * Level 5.1 Shields
 + Level 2.2 Invocations
 + Level 0.3 Evocations


You had 8 spell levels left.
You didn't know any spells.
Your spell library contained the following spells:

 Spells                   Type           Power      Damage    Failure   Level
 Blink                    Tloc           N/A        N/A       90%         2
 Lesser Beckoning         Tloc           0%         N/A       99%         3
 Manifold Assault         Tloc           0%         N/A       100%        5


Dungeon Overview and Level Annotations

Branches:
Dungeon (6/15)             Temple (1/1) D:6           Sewer (visited)

Altars:
Ashenzari
Cheibriados
Dithmenos
Elyvilon
Fedhas
Gozag
Hepliaklqana
Kikubaaqudgha
Makhleb
Nemelex Xobeh
Okawaru
Qazlal
Ru
Sif Muna
Trog
Uskayaw
Vehumet
Wu Jian
Xom
Yredelemnul
Zin
The Shining One

Shops:
D:3 *   D:4 (

Annotations:
D:5 3 runed translucent doors, RatsInWalls's ghost, novice TrMo


Innate Abilities, Weirdness & Mutations

Your life essence is reduced to manifest your ancestor. (-10% HP)
You cannot wear most types of armour.
You are amphibious.
You can wear up to eight rings at the same time.
Your skin changes colour to match your surroundings (Stealth+).
Your rubbery body absorbs attacks. (AC +1, EV +1)
((You are camouflaged near water. (Stealth+)))
You have tentacles for arms and can constrict up to eight enemies at once.


Message History

The gnoll shaman is severely wounded.
The gnoll shaman looks more healthy.
You block the gnoll shaman's attack.
You hit the gnoll shaman. You burn the gnoll shaman.
You kill the gnoll shaman!
You hit the shadow imp. You burn the shadow imp.
Your grab misses the shadow imp. Your squeeze misses the shadow imp.
The shadow imp is moderately wounded.
The shadow imp barely misses you.
You riposte.
You closely miss the shadow imp. You grab the shadow imp.
You squeeze the shadow imp!
You kill the shadow imp!
The gnoll closely misses you. The gnoll hits you with a +0 spear.
Things that are here:
a +0 club; a +0 leather armour You closely miss the gnoll.
You grab the gnoll. You constrict the gnoll. You block the gnoll's attack.
Bolek points at the gnoll and mumbles some strange words.
The gnoll seems to slow down.
You hit the gnoll but do no damage.
The gnoll is moderately wounded.
You constrict the gnoll. You slash the gnoll! You burn the gnoll.
You kill the gnoll!
The two-headed ogre shouts in stereo!
The troll shouts!
You see here a +0 spear.
You swap places.
Things that are here:
a +0 club; a +0 leather armour You swap places.
Things that are here:
a +0 club; a +0 leather armour You hit the two-headed ogre.
You burn the two-headed ogre.
The two-headed ogre is lightly wounded.
The two-headed ogre hits you with a +0 giant club! x2
You hit the two-headed ogre. You burn the two-headed ogre.
The two-headed ogre is lightly wounded.
You block the two-headed ogre's attack.
The two-headed ogre hits you with a +0 giant club!!
Ouch! That really hurt!
You die...

....# #....##.#.# ....#
#....##.#.# ....#
#....##.#.# ....#
#....#.<#.#
....#############....####.##
........................))>#
....#############...#####)##
.....# ###########.# .....#
#.@R........# .....#
#O########### .....#
#(....T... .....# #.........
.....# #....O.... .....#
#......... .....# #.........
.....# ##.####### ##.### ...


You could see the friendly Bolek the hexer and a two-headed ogre (ally target).

Vanquished Creatures
  A water moccasin (D:5)
  3 sky beasts
  A black bear (D:5)
  2 necrophages
  2 ogres (D:5)
  A phantom (D:5)
  3 scorpions
  A water moccasin skeleton (D:5)
  A howler monkey (D:5)
  3 hounds
  3 orc priests (D:5)
  A centaur skeleton (D:6)
  A gnoll shaman (D:6)
  4 iguanas
  Natasha (thrice) (D:3)
  3 orc wizards
  Robin (D:3)
  3 adders
  4 gnolls (D:6)
  A river rat (D:3)
  2 shadow imps
  A white imp (D:5)
  An ufetubus (D:6)
  5 worms
  5 dart slugs
  14 orcs
  4 ball pythons
  6 endoplasms
  2 giant cockroaches (D:3)
  16 goblins
  9 hobgoblins
  13 jackals
  3 kobolds
  6 quokkas
  11 bats
  3 frilled lizards
  3 rats
146 creatures vanquished.

Vanquished Creatures (collateral kills)
  An ogre (D:5)
  2 orcs (D:5)
  An endoplasm (Sewer)
  A jackal (Sewer)
  A kobold (D:3)
  A quokka (D:3)
  3 bats
  A frilled lizard (D:1)
  4 goblins
  A rat (D:3)
16 creatures vanquished.

Vanquished Creatures (others)
  2 hexers
  An ancestor (D:3)
  14 plants (D:4)
17 creatures vanquished.

Grand Total: 179 creatures vanquished

Notes
Turn   | Place    | Note
-------+----------+-------------------------------------------
     0 | D:1      | Tirrikindir the Octopode Fighter began the quest for the
                  | Orb.
     0 | D:1      | Reached XP level 1. HP: 16/16 MP: 1/1
   254 | D:1      | Found a faded altar of an unknown god.
   260 | D:1      | Reached XP level 2. HP: 21/21 MP: 2/2
   269 | D:1      | Became a worshipper of Hepliaklqana the Forgotten
   269 | D:1      | Reached * piety under Hepliaklqana
   349 | D:1      | Reached skill level 1 in Stealth
   714 | D:1      | Reached XP level 3. HP: 23/23 MP: 3/3
  1617 | D:2      | Reached XP level 4. HP: 27/27 MP: 4/4
  1852 | D:3      | Noticed Robin
  1859 | D:3      | Noticed a scorpion
  1864 | D:3      | Killed a scorpion
  1865 | D:3      | Reached skill level 3 in Long Blades
  1865 | D:3      | Reached XP level 5. HP: 26/32 MP: 5/5
  1869 | D:3      | Killed Robin
  2000 | D:3      | Found a glowing drain.
  2001 | D:3      | Noticed Natasha
  2008 | D:3      | Killed Natasha
  2017 | Sewer    | Entered a sewer
  2200 | Sewer    | Reached ** piety under Hepliaklqana
  2201 | Sewer    | Remembered your ancestor Bolek as a hexer
  2397 | Sewer    | Reached XP level 6. HP: 38/38 MP: 6/6
  2950 | D:3      | Noticed Natasha
  2953 | D:3      | Killed Natasha
  2954 | D:3      | Reached skill level 4 in Long Blades
  3094 | D:3      | Found Veurphec's Assorted Antiques.
  3099 | D:3      | Noticed Natasha
  3100 | D:3      | Bought a scroll labelled YMEGGO UNIO for 23 gold pieces
  3100 | D:3      | Bought a sedimented black potion for 20 gold pieces
  3110 | D:3      | Killed Natasha
  3218 | D:4      | Found Hifrud's Weapon Shoppe.
  3685 | D:4      | Found a hide-covered altar of Uskayaw.
  3866 | D:5      | Entered Level 5 of the Dungeon
  3990 | D:5      | Reached *** piety under Hepliaklqana
  4032 | D:5      | Reached XP level 7. HP: 41/43 MP: 7/7
  4036 | D:5      | Reached skill level 5 in Long Blades
  4159 | D:5      | Found a runed translucent gate.
  4159 | D:5      | Found a runed translucent gate.
  4159 | D:5      | Found a runed translucent gate.
  4166 | D:5      | Reached skill level 6 in Long Blades
  4172 | D:5      | Noticed RatsInWalls's ghost (novice TrMo)
  4440 | D:5      | Reached skill level 7 in Long Blades
  4440 | D:5      | Reached XP level 8. HP: 30/48 MP: 8/8
  4445 | D:5      | Reached skill level 8 in Long Blades
  4870 | D:5      | Reached skill level 1 in Invocations
  5373 | D:6      | Found a staircase to the Ecumenical Temple.
  5386 | Temple   | Entered the Ecumenical Temple
  5390 | Temple   | Reached XP level 9. HP: 28/53 MP: 10/10
  5693 | D:6      | Reached skill level 5 in Dodging
  5693 | D:6      | Reached skill level 5 in Stealth
  5693 | D:6      | Reached skill level 5 in Shields
  6171 | D:6      | Noticed a two-headed ogre
  6172 | D:6      | Noticed a troll
  6197 | D:6      | Slain by a two-headed ogre

Illustrated notes

Levels and vault maps discovered:
D:1:      sevenhm_arrival_forest_fort_small_6, layout_basic,
          hellmonk_ecumenical_altar_lost_god, chequers_big_river,
          minmay_tetromino_l2
D:2:      layout_basic
D:3:      layout_rooms, serial_shops, shop_statue, portal_sewer_entry_b,
          amcnicky_mini_pool_small, minmay_pentangle, uniq_robin, uniq_natasha
D:4:      layout_gridville, nicolae_uskayaw_murder_on_the_dancefloor,
          serial_shops, shop, serial_bayou_pond_e, serial_bayou_lagoon_a
D:5:      minmay_razor_zed, layout_basic, gammafunk_ghost_split,
          kennysheep_potato
D:6:      layout_basic, minmay_temple_entry_junction
Temple:   kilobyte_greek_temple

Skill      XL: |  1  2  3  4  5  6  7  8  9 |
---------------+----------------------------+-----
Stealth        | 1 2 3 4 5 |  5.2
Long Blades    | 3 4 7 8 |  8.6
Fighting       | 4 |  4.5
Shields        | 4 5 |  5.1
Dodging        | 4 5 |  5.1
Invocations    | 1 2 |  2.2
Evocations     | |  0.3

Action                   |  1- 3 |  4- 6 |  7- 9 || total
-------------------------+-------+-------+-------++-------
Melee: Long sword        |    61 |   126 |   101 ||   288
       Tentacles         |     8 |    29 |    24 ||    61
       Constrict         |    18 |    45 |    25 ||    88
Throw: Dart              |       |     1 |     4 ||     5
Invok: Ancestor Identity |     1 |       |       ||     1
       Ancestor Life: He |       |     1 |       ||     1
  Use: Scroll            |     4 |     4 |     6 ||    14
       Potion            |       |     1 |       ||     1
 Stab: Sleeping          |     9 |    14 |    11 ||    34
       Distracted        |       |       |     2 ||     2
       Confused          |       |       |     1 ||     1
Armor: Skin              |     5 |     6 |     2 ||    13
Dodge: Dodged            |    24 |    35 |    28 ||    87
Block: Kite shield       |    36 |    77 |    65 ||   178
       Rpst.: Long sword |     4 |     8 |    11 ||    23
